 Dungeon Crawl Stone Soup version 0.25-a0-565-g8875c97ebb (webtiles) character file.

Game seed: 13011192644153076038, levelgen mode: deterministic

3327 Flugslaktarn the Cleaver (level 9, -9/129 HPs)
             Began as a Deep Dwarf Fighter on Feb 26, 2020.
             Was a Follower of Makhleb.
             Killed by divine providence
             ... invoked by an orc priest
              (12 damage)
             ... on level 8 of the Dungeon.
             The game lasted 00:03:34 (4038 turns).

Flugslaktarn the Cleaver (Deep Dwarf Fighter)       Turns: 4038, Time: 00:03:35

Health: -9/129     AC:  9    Str: 23    XL:     9   Next: 71%
Magic:  3/3        EV:  6    Int:  9    God:    Makhleb [*.....]
Gold:   305        SH: 11    Dex: 12    Spells: 8/8 levels left

rFire    . . .     SeeInvis .   a - +0 war axe
rCold    . . .     Gourm    .   c - +0 kite shield
rNeg     + . .     Faith    .   m - +0 chain mail
rPois    .         Spirit   .   (helmet restricted)
rElec    +         Reflect  .   v - +2 cloak
rCorr    .         Harm     .   (no gloves)
MR       +....                  (no boots)
Stlth    ..........             g - amulet of rage
HPRegen  0.00/turn              n - ring of positive energy
MPRegen  0.08/turn              (no ring)

@: berserking, non-regenerating, very quick
A: damage resistance, heal wounds, beak, deformed body, sense surroundings 2,
electricity resistance, no regeneration
a: Heal Wounds, Renounce Religion, Evoke Berserk Rage


You were on level 8 of the Dungeon.
You worshipped Makhleb.
Makhleb was aware of your devotion.
You were not hungry.

You visited 2 branches of the dungeon, and saw 9 of its levels.

You collected 465 gold pieces.
You spent 160 gold pieces at shops.

Inventory:

Hand Weapons
 a - a +0 war axe (weapon)
 y - a +0 hand axe of venom
   (You took it off an orc on level 6 of the Dungeon)
Armour
 b - a +0 helmet
   (You took it off Robin on level 3 of the Dungeon)
 c - a +0 kite shield (worn)
 m - a +0 chain mail (worn)
   (You took it off an orc priest on level 3 of the Dungeon)
 v - a +2 cloak (worn)
   (You found it on level 4 of the Dungeon)
Jewellery
 g - an amulet of rage (around neck)
   (You found it on level 6 of the Dungeon)
 k - an uncursed ring of fire
   (You found it on level 5 of the Dungeon)
 n - a ring of positive energy (left hand)
   (You found it on level 3 of the Dungeon)
 x - an uncursed amulet of the acrobat
   (You found it on level 7 of the Dungeon)
Scrolls
 h - a scroll of magic mapping
 i - 2 scrolls of amnesia {unknown}
 j - a scroll of random uselessness {unknown}
 o - 3 scrolls of identify {unknown}
 s - 6 scrolls of immolation {unknown}
 t - 6 scrolls of teleportation
 z - 2 scrolls of remove curse
 A - a scroll of vulnerability {unknown}
Potions
 d - 2 potions of might
 f - a potion of flight
 l - a potion of degeneration {unknown}
 p - a potion of cancellation {unknown}
 q - a potion of lignification
 r - a potion of stabbing {unknown}
 u - 3 potions of curing {unknown}
 w - a potion of heal wounds
Comestibles
 e - 6 rations
 B - 3 chunks of flesh


   Skills:
 * Level 7.6 Fighting
 * Level 8.6 Axes
 + Level 6.9 Armour
 + Level 6.9 Shields
 + Level 4.2 Invocations


You had 8 spell levels left.
You didn't know any spells.
Your spell library was empty.

Dungeon Overview and Level Annotations

Branches:
Dungeon (8/15)             Temple (1/1) D:5
   Lair: D:8-11

Altars:
Ashenzari
Dithmenos
Elyvilon
Fedhas
Gozag
Hepliaklqana
Kikubaaqudgha
Makhleb
Nemelex Xobeh
Okawaru
Qazlal
Ru
Sif Muna
Uskayaw
Vehumet
Wu Jian
Yredelemnul
Zin

Shops:
D:6 !   D:7 }*

Annotations:
D:3 1 transporter


Innate Abilities, Weirdness & Mutations

You are resistant to damage.
You can heal yourself by infusing magical energy.
You passively map the area around you.
You do not regenerate.
You have a beak for a mouth.
Armour fits poorly on your strangely shaped body.
You are resistant to electric shocks. (rElec)


Message History

You feel yourself moving faster!
You feel mighty!
You feel a lot more hungry. You block the adder skeleton's attack.
You block the orc warrior's attack. You block the orc priest's attack.
The centaur hits you with a cursed -1 shortbow.
* * * LOW HITPOINT WARNING * * *
You are too berserk!
You are too injured to fight recklessly!
You are too injured to fight recklessly!
You are too injured to fight recklessly!
You hit the orc priest.
The orc priest is moderately wounded.
Your shield and chain mail prevent you from hitting the centaur.
You slash the adder skeleton!
You destroy the adder skeleton!
Makhleb accepts your kill.
You barely miss the orc priest. You block the orc priest's attack.
You block the centaur's attack.
The orc priest invokes the aid of Beogh against you.
Beogh smites you!
You die...

#.............# * , ,
,, ##....#.......# #..
,
###.....#.......###...
##.....).........#....,
, ,
#.......÷.......##..#*,
, ,
##.....<............##
, *
##...................,
* #.............c..#*,
##.....<...#.#o@##* * ,
, #..........###o.##* ,
* #...#......## #.oo# *
,* #...#.......
##o†....# ,
..##.(....#.. ...#...##
* , ....... #
#..###.#.# * ** ,
...... ##. ...# , ,, ,,
, * , #. *.... , ,, , ,
.., ...# ,


You could see an orc warrior, a centaur, 3 orc priests and an orc wizard.

Vanquished Creatures
  Pikel (D:4)
  A gargoyle (D:8)
  Edmund (D:4)
  Duvessa (D:7)
  2 black bears
  An ice beast (D:3)
  A slave (D:4)
  3 ogres
  2 centaurs (D:6)
  Blork the orc (D:4)
  A gnoll sergeant (D:7)
  5 bullfrogs
  2 scorpions
  Dowan (D:7)
  2 crimson imps
  A howler monkey (D:6)
  A quasit (D:5)
  A bullfrog zombie (D:5)
  2 hounds
  A jelly (D:5)
  A centaur skeleton (D:4)
  6 orc priests
  2 iguanas
  Jessica (D:3)
  3 orc wizards
  2 worker ants (D:6)
  A worker ant zombie (D:6)
  Robin (D:3)
  10 gnolls
  A howler monkey zombie (D:7)
  10 adders
  3 shadow imps
  An ooze (D:4)
  An adder skeleton (D:8)
  4 worms (D:2)
  A dart slug (D:2)
  5 leopard geckos
  38 orcs
  A ball python (D:2)
  A giant cockroach (D:6)
  4 hobgoblins
  17 jackals
  7 quokkas
  7 bats
  A frilled lizard (D:2)
  14 goblins
  3 kobolds
  2 quokka skeletons
  4 rats
183 creatures vanquished.

Vanquished Creatures (others)
  A howler monkey (D:4)
1 creature vanquished.

Grand Total: 184 creatures vanquished

Notes
Turn   | Place    | Note
-------+----------+-------------------------------------------
     0 | D:1      | Flugslaktarn the Deep Dwarf Fighter began the quest for the
                  | Orb.
     0 | D:1      | Reached XP level 1. HP: 20/20 MP: 1/1
    97 | D:2      | Reached XP level 2. HP: 24/27 MP: 2/2
   208 | D:2      | Reached XP level 3. HP: 33/34 MP: 3/3
   426 | D:2      | Reached skill level 3 in Axes
   562 | D:3      | Noticed Jessica
   567 | D:3      | Killed Jessica
   567 | D:3      | Reached XP level 4. HP: 33/42 MP: 4/4
   696 | D:3      | Found a transporter.
   704 | D:3      | Reached XP level 5. HP: 47/50 MP: 4/4
   769 | D:3      | HP: 1/50 [orc priest/divine providence (10)]
   783 | D:3      | Reached skill level 4 in Axes
   797 | D:3      | Noticed Robin
   816 | D:3      | Killed Robin
   948 | D:3      | Noticed an ice beast
   966 | D:3      | Killed an ice beast
   966 | D:3      | Reached XP level 6. HP: 57/57 MP: 3/3
  1057 | D:4      | Noticed Blork the orc
  1074 | D:4      | Killed Blork the orc
  1099 | D:4      | Noticed Edmund
  1121 | D:4      | Killed Edmund
  1121 | D:4      | Reached skill level 5 in Axes
  1121 | D:4      | Reached XP level 7. HP: 31/66 MP: 4/4
  1186 | D:4      | Noticed Pikel
  1208 | D:4      | Killed Pikel
  1208 | D:4      | Reached skill level 5 in Fighting
  1208 | D:4      | Reached skill level 6 in Axes
  1208 | D:4      | Reached skill level 5 in Armour
  1208 | D:4      | Reached skill level 5 in Shields
  1208 | D:4      | Reached XP level 8. HP: 68/75 MP: 5/5
  1666 | D:5      | Entered Level 5 of the Dungeon
  1845 | D:5      | Identified the +5 chain mail "Qotie" {MR+ Regen+ Int-2
                  | Stlth+}
  1991 | D:5      | Found a staircase to the Ecumenical Temple.
  2058 | Temple   | Entered the Ecumenical Temple
  2068 | Temple   | Became a worshipper of Makhleb the Destroyer
  2478 | D:6      | Reached skill level 7 in Axes
  2478 | D:6      | Reached skill level 1 in Invocations
  2530 | D:6      | Found a sacrificial altar of Ru.
  2738 | D:6      | Found Jeam's Distillery.
  2771 | D:6      | Gained mutation: You passively map the area around you.
                  | [Deep Dwarf growth]
  2771 | D:6      | Reached XP level 9. HP: 59/85 MP: 5/5
  2794 | D:6      | Bought 2 potions of mutation for 160 gold pieces
  2794 | D:6      | Gained mutation: You have a beak for a mouth. [potion of
                  | mutation]
  2794 | D:6      | Gained mutation: You possess an exceptional clarity of
                  | mind. [potion of mutation]
  2795 | D:6      | Lost mutation: You possess an exceptional clarity of mind.
                  | [potion of mutation]
  2795 | D:6      | Gained mutation: Armour fits poorly on your strangely
                  | shaped body. [potion of mutation]
  2795 | D:6      | Gained mutation: You are resistant to electric shocks.
                  | (rElec) [potion of mutation]
  2857 | D:6      | Reached * piety under Makhleb
  3393 | D:7      | Reached skill level 8 in Axes
  3625 | D:7      | Found Zoerotup's General Store.
  3630 | D:7      | Found Totoi's Gadget Emporium.
  3690 | D:7      | Noticed Dowan
  3691 | D:7      | Noticed Duvessa
  3699 | D:7      | Killed Dowan
  3709 | D:7      | Killed Duvessa
  3960 | D:8      | Noticed a gargoyle
  3977 | D:8      | Killed a gargoyle
  4036 | D:8      | HP: 4/86 [orc priest/+2 morningstar of protection (11)]
  4038 | D:8      | Killed from afar by an orc priest

Levels and vault maps discovered:
D:1:      lightli_arrival_lavapool, layout_basic
D:2:      layout_basic, kennysheep_generic_room_15
D:3:      gammafunk_steamed_eel, layout_basic, first_ration,
          kennysheep_another_room, uniq_jessica, uniq_robin, uniq_grinder
D:4:      layout_cave_pools, uniq_blork_the_orc, uniq_edmund, uniq_pikel
D:5:      layout_cave_pools, minmay_temple_entry_poolview,
          kennysheep_small_circle
D:6:      layout_basic, serial_shops, shop, nicolae_ru_great_annihilating_truth
D:7:      layout_basic, serial_shops, shop, nicolae_shop_stone, uniq_duvessa
D:8:      layout_cave_pools
Temple:   dpeg_three_leaves_temple

Skill      XL: |  1  2  3  4  5  6  7  8  9 |
---------------+----------------------------+-----
Fighting       | 3 4 5 6 7 |  7.6
Axes           | 3 4 5 6 7 8 |  8.6
Shields        | 4 5 6 |  6.9
Armour         | 4 5 6 |  6.9
Invocations    | 2 4 |  4.2

Action                   |  1- 3 |  4- 6 |  7- 9 || total
-------------------------+-------+-------+-------++-------
Melee: War axe           |   101 |   143 |   227 ||   471
       Hand axe          |       |       |   139 ||   139
       Peck              |       |       |    35 ||    35
 Abil: Heal Wounds       |     1 |     8 |    22 ||    31
       Evoke Berserk Rag |       |       |     2 ||     2
  Use: Scroll            |       |       |     5 ||     5
       Potion            |       |       |     5 ||     5
 Stab: Paralysed         |       |       |     1 ||     1
  Eat: Chunk             |       |     1 |     9 ||    10
       Ration            |       |       |     1 ||     1
Armor: Scale mail        |    67 |    17 |       ||    84
       Chain mail        |       |    73 |   235 ||   308
       Skin              |       |       |     8 ||     8
Dodge: Dodged            |    38 |    42 |   113 ||   193
Block: Kite shield       |    67 |    98 |   278 ||   443

Table legend:
 A = Non-vault XP
 B = Vault XP
 C = Vault XP percentage of total XP
 D = Non-vault monster count
 E = Vault monster count
 F = Vault count percentage of total count
                 A         B        C        D         E       F
            +---------+---------+-------+---------+---------+-------
      Total |    3363 |    1391 |  29.3 |     155 |      27 |  14.8
            +---------+---------+-------+---------+---------+-------
        D:1 |       4 |       0 |   0.0 |       3 |       0 |   0.0
        D:2 |      67 |       5 |   6.9 |      25 |       1 |   3.8
        D:3 |     333 |      74 |  18.2 |      25 |      14 |  35.9
        D:4 |     172 |     881 |  83.7 |      24 |       3 |  11.1
        D:5 |     431 |     169 |  28.2 |      25 |       3 |  10.7
        D:6 |    1056 |      46 |   4.2 |      29 |       4 |  12.1
        D:7 |     598 |     216 |  26.5 |      15 |       2 |  11.8
        D:8 |     702 |       0 |   0.0 |       9 |       0 |   0.0
            +---------+---------+-------+---------+---------+-------
